 Dungeon Crawl Stone Soup version 0.19.1-1-g22dce08 (webtiles) character file.

95 ponk the Purveyor of Pain (level 4, -1/30 HPs)
             Began as a Mummy Necromancer on Jan 11, 2017.
             Was an Initiate of Kikubaaqudgha.
             Shot with a stone by a goblin (2 damage)
             ... on level 2 of the Dungeon.
             The game lasted 00:14:20 (2554 turns).

ponk the Purveyor of Pain (Mummy Necromancer)       Turns: 2554, Time: 00:14:20

Health: -1/30      AC:  2    Str: 11    XL:     4   Next: 40%
Magic:  5/8        EV: 12    Int: 15    God:    Kikubaaqudgha [......]
Gold:   96         SH:  0    Dex: 15    Spells: 3 memorised, 3 levels left

rFire  x . .     SeeInvis .     i - +0 spear
rCold  + . .     Gourm    .     a - +0 robe
rNeg   + + +     Faith    .     (no shield)
rPois  ∞         Spirit   .     (no helmet)
rElec  .         Reflect  .     (no cloak)
rCorr  .         Harm     .     (no gloves)
MR     .....                    (no boots)
Stlth  ++........               (no amulet)
                                (no ring)
                                h - +3 ring of dexterity

@: no status effects
A: no food or potions, fire vulnerability, cold resistance 1, negative energy
resistance 3, torment resistance, unbreathing
a: Renounce Religion


You were on level 2 of the Dungeon.
You worshipped Kikubaaqudgha.
Kikubaaqudgha was noncommittal.
You were not hungry.

You visited 1 branch of the dungeon, and saw 3 of its levels.

You collected 96 gold pieces.

Inventory:

Hand Weapons
 i - a +0 spear (weapon)
 j - a +0 quarterstaff
Armour
 a - a +0 robe (worn)
Jewellery
 h - a +3 ring of dexterity (left hand)
Scrolls
 c - a scroll of teleportation {unknown}
 d - 2 scrolls of random uselessness {unknown}
 e - a scroll of fear {unknown}
 f - a scroll of enchant armour {unknown}
 g - 4 scrolls of identify {unknown}
Books
 b - a book of Necromancy

   Spells                             Type                      Level
   a - Pain                           Necromancy                   1
   b - Animate Skeleton               Necromancy                   1
   c - Vampiric Draining              Necromancy                   3
   d - Regeneration                   Charms/Necromancy            3
   e - Animate Dead                   Necromancy                   4
   f - Control Undead                 Necromancy                   4


   Skills:
 - Level 1.7 Dodging
 - Level 1.7 Stealth
 + Level 2.8 Spellcasting
 * Level 5.3 Necromancy


You had 3 spell levels left.
You knew the following spells:

 Your Spells              Type           Power        Failure   Level  Hunger
a - Pain                  Necr           ###.         1%          1    N/A
b - Animate Skeleton      Necr           N/A          1%          1    N/A
c - Vampiric Draining     Necr           ###.......   10%         3    N/A

Dungeon Overview and Level Annotations

Branches:
Dungeon (3/15)

Altars:
Kikubaaqudgha


Innate Abilities, Weirdness & Mutations

You do not eat or drink.
Your flesh is vulnerable to fire.
You are immune to poison.
Your flesh is cold resistant. (rC+)
You are immune to negative energy. (rN+++)
You are immune to unholy pain and torment.
You can survive without breathing.


Message History

Casting: Pain
Confirm with . or Enter, or press ? or * to list all spells.
Aiming: Pain
Press: ? - help, Shift-Dir - straight line, f/p - adder
Aim: an adder (moderately wounded, chance to defeat MR: 84%)
The adder writhes in agony!
The adder closely misses you.
The goblin shoots a stone.
The stone hits you.
* * * LOW HITPOINT WARNING * * *
You see here a stone.
The adder bites you.
* * * LOW HITPOINT WARNING * * *
Casting: Pain
Confirm with . or Enter, or press ? or * to list all spells.
Aiming: Pain
Press: ? - help, Shift-Dir - straight line, f/p - adder
Aim: an adder (severely wounded, chance to defeat MR: 84%)
The adder barely resists.
The adder bites you but does no damage.
The goblin shoots a stone.
The stone hits you.
You die...
Kikubaaqudgha rasps: "You have failed me!
Welcome... oblivion!"

....# #.........##.#
##.. ....#
####........#.##.#####.
#####
.............##.......
....#..........##.....
#............((#.....
#............).!....
#...................
#...................
#..@S.......$..#####
#....(w.(......#
##...g.......(##
##.......(..##
############


You could see a worm, an adder and a goblin.

Vanquished Creatures
  2 gnolls (D:3)
  2 adders (D:2)
  2 dart slugs
  A leopard gecko (D:1)
  2 orcs (D:3)
  4 bats (D:1)
  3 giant cockroaches
  2 goblins
  7 hobgoblins
  2 jackals (D:3)
  3 kobolds
  A ball python (D:3)
  3 frilled lizards
  8 rats
42 creatures vanquished.

Vanquished Creatures (collateral kills)
  A gnoll (D:3)
  A rat (D:3)
2 creatures vanquished.

Grand Total: 44 creatures vanquished

Notes
Turn   | Place    | Note
-------+----------+-------------------------------------------
     0 | D:1      | ponk the Mummy Necromancer began the quest for the Orb.
     0 | D:1      | Reached XP level 1. HP: 13/13 MP: 3/3
   122 | D:1      | Reached XP level 2. HP: 19/19 MP: 3/5
   151 | D:1      | Learned a level 1 spell: Animate Skeleton
   811 | D:2      | Reached XP level 3. HP: 14/24 MP: 0/6
  1023 | D:2      | Found an ancient bone altar of Kikubaaqudgha.
  1030 | D:2      | Became a worshipper of Kikubaaqudgha
  1112 | D:2      | Learned a level 3 spell: Vampiric Draining
  2252 | D:3      | Reached skill level 5 in Necromancy
  2272 | D:3      | Reached XP level 4. HP: 23/30 MP: 0/8
  2552 | D:2      | HP: 1/30 [adder (2)]
  2554 | D:2      | Shot with a stone by a goblin

Skill      XL: |  1  2  3 |
---------------+----------+-----
Necromancy     | 5 |  5.3
Dodging        | |  1.7
Stealth        | |  1.7
Spellcasting   | |  2.8

Action                   |  1- 3 |  4- 6 || total
-------------------------+-------+-------++-------
Melee: Unarmed           |    74 |       ||    74
       Spear             |       |    37 ||    37
       Quarterstaff      |       |     3 ||     3
 Cast: Pain              |    92 |    15 ||   107
       Vampiric Draining |     2 |     1 ||     3
       Animate Skeleton  |       |     1 ||     1
Armor: Robe              |     8 |     6 ||    14
Dodge: Dodged            |    15 |    20 ||    35
